Map: Lightshade LE

Players

A.I. 1 (Very Easy) - Winner!

  • Race: Zerg Zerg

PrinceZuko

  • Race: Terran Terran
  • League: Master

VOD

Have the link to the VOD?

Description

Time

  • Played on: May 3, 2021, 6:39 p.m.
  • Length: 6:03
Show
View Real Time Build Order
Export as new Build Order

A.I. 1 (Very Easy) Zerg - Winner!

Build Orders: Hatch First 

Get SALT Encoding   

  12  0:00  Drone  
  13  0:12  Overlord  
  13  0:16  Drone  
  14  0:41  Hatchery  
  13  0:45  Drone  
  14  1:03  Spawning Pool  
  13  1:04  Extractor  
  13  1:06  Drone  
  13  1:13  Drone  
  14  1:19  Overlord  
  14  1:50  Queen, Zergling x2  
  14  1:53  Zergling x2  
  18  1:58  Roach Warren  
  17  2:02  Drone  
  17  2:06  Extractor  
  17  2:13  Drone  
  16  2:20  Drone  
  16  2:27  Drone  
  17  2:32  Zergling x2  
  18  2:39  Zergling x2  
  17  3:03  Queen  
  19  3:07  Zergling x2  
  20  3:55  Roach  
  22  3:58  Drone  
  23  4:05  Drone  
  24  4:17  Overlord  
  24  4:22  Drone  
  25  4:29  Drone  
  26  4:36  Drone  
  27  4:44  Drone  
  28  4:50  Roach  
  28  4:51  Drone  
  31  4:58  Drone  
  32  5:08  Overlord  
  32  5:24  Drone  
  32  5:31  Drone  
  32  5:37  Roach  
  32  5:38  Drone  
  35  5:45  Drone  
Show
View Real Time Build Order
Export as new Build Order

PrinceZuko Terran 

Build Orders:  

Get SALT Encoding   

  12  0:00  SCV  
  13  0:12  SCV  
  14  0:18  Supply Depot  
  14  0:24  SCV  
  15  0:40  Barracks  
  15  0:50  Barracks  
  15  0:55  SCV  
  16  1:01  Refinery  
  16  1:07  SCV  
  17  1:19  SCV  
  18  1:26  Marine  
  18  1:31  Orbital Command  
  19  1:37  Marine  
  20  1:40  Supply Depot  
  20  1:44  Marine  
  21  1:54  Bunker  
  21  1:55  Marine  
  22  2:02  Marine  
  22  2:06  Bunker  
  23  2:16  Factory  
  23  2:19  Marine  
  23  2:22  Marine  
  25  2:26  SCV  
  26  2:33  Refinery  
  26  2:37  Supply Depot  
  26  2:41  Marine  
  27  2:45  Marine  
  27  2:49  SCV  
  28  2:59  Marine  
  28  3:01  SCV  
  30  3:08  Starport  
  30  3:16  SCV  
  31  3:20  Supply Depot  
  31  3:26  Hellion  
  33  3:32  SCV  
  34  3:46  Fusion Core  
  34  3:48  Starport Tech Lab  
  34  3:49  Hellion  
  37  3:55  SCV  
  37  3:59  Supply Depot  
  37  4:07  SCV  
  38  4:19  SCV  
  39  4:33  Battlecruiser  
  45  5:01  Command Center  
  45  5:16  Supply Depot  
  51  5:54  Command Center  
  51  5:56  Factory Tech Lab, Barracks Reactor  
Tags
 
Add a new tag
Caveats
  • Supply blocks, unpowered buildings, or Contaminate may cause inaccurate times.
  • Supply counts are checked every 10 seconds.